 Dungeon Crawl Stone Soup version 0.19.1 (webtiles) character file.

129374 XO4YCPATb the Messiah (level 17, -1/150 HPs)
             Began as a Hill Orc Monk on Dec 6, 2016.
             Was the Champion of Beogh.
             Slain by a seven-headed hydra simulacrum (4 damage)
             ... on level 4 of the Swamp on Dec 7, 2016.
             The game lasted 01:52:08 (32443 turns).

XO4YCPATb the Messiah (Hill Orc Monk)              Turns: 32443, Time: 01:52:09

Health: -1/150     AC: 24    Str: 21    XL:     17   Next: 5%
Magic:  30/30      EV:  9    Int: 10    God:    Beogh [******]
Gold:   1587       SH:  0    Dex: 13    Spells: 0 memorised, 16 levels left

rFire  x . .     SeeInvis .     x - +13 scythe of Curses {drain, *Curse}
rCold  + . .     Gourm    .     G - +1 plate armour {MR+}
rNeg   . . .     Faith    .     (shield currently unavailable)
rPois  .         Spirit   .     d - +1 helmet (curse)
rElec  .         Reflect  .     z - +0 cloak {MR+} (curse)
rCorr  .         Harm     .     T - +0 pair of gloves
MR     +++..                    (no boots)
Stlth  ..........               E - amulet of regeneration
                                Y - ring of ice (curse)
                                t - +6 ring of slaying

@: no status effects
A: walk on water, slimy green scales 1
a: Smiting, Recall Orcish Followers, Give Item to Named Follower, Resurrection,
Renounce Religion


You were on level 4 of the Swamp.
You worshipped Beogh.
Beogh was exalted by your worship.
You were not hungry.

You visited 4 branches of the dungeon, and saw 27 of its levels.
You also visited: Ossuary and Ice Cave.

You collected 2535 gold pieces.
You spent 948 gold pieces at shops.

Inventory:

Hand Weapons
 x - the +13 scythe of Curses (weapon) {drain, *Curse}
   (You found it on level 6 of the Lair of Beasts)

   A truly terrible weapon, it drains the life of those it strikes.
   It may re-curse itself when equipped.
Armour
 d - a cursed +1 helmet (worn)
 z - a cursed +0 cloak of magic resistance (worn)
 G - a +1 plate armour of magic resistance (worn)
 T - a +0 pair of gloves (worn)
Jewellery
 t - a +6 ring of slaying (left hand)
 E - an amulet of regeneration (around neck)
 F - a cursed ring of resist corrosion
 U - a cursed -2 ring of strength
 Y - a cursed ring of ice (right hand)
 Z - a cursed +3 ring of protection
Wands
 b - a wand of teleportation (1/9)
 e - a wand of acid (2/15)
 j - a wand of disintegration (10/24)
 u - a wand of disintegration (19/24)
 S - a wand of digging (9/24)
 X - a wand of teleportation (5/9)
Scrolls
 f - a scroll of summoning
 g - 6 scrolls of blinking
 i - 5 scrolls of fog
 k - 12 scrolls of remove curse
 l - 7 scrolls of noise
 o - 7 scrolls of teleportation
 p - 8 scrolls of identify
 s - 6 scrolls of magic mapping
 v - 2 scrolls of fear
 w - a scroll of recharging
 y - 3 scrolls of immolation
 K - 3 scrolls of amnesia
 L - 2 scrolls of torment
 Q - a scroll of enchant weapon
 V - a scroll of vulnerability
Potions
 a - 5 potions of heal wounds
 m - 4 potions of flight
 n - 3 potions of invisibility
 q - 2 potions of resistance
 r - a potion of magic
 C - 4 potions of ambrosia
 D - 3 potions of agility
 H - 14 potions of curing
 J - 6 potions of might
 M - 3 potions of cancellation
 O - 8 potions of brilliance
 P - 2 potions of haste
 R - 3 potions of lignification
Miscellaneous
 B - a box of beasts
Comestibles
 c - 14 bread rations
 A - a meat ration
 I - 6 slices of pizza
 N - 2 beef jerkies


   Skills:
 - Level 13.4 Fighting
   Level 17.8(20.5) Axes
 * Level 15.4(17.8) Polearms
 - Level 13.1 Armour
 - Level 4.4 Dodging
 - Level 1.5 Stealth
 - Level 18.0 Invocations


You had 16 spell levels left.
You didn't know any spells.

Dungeon Overview and Level Annotations

Branches:
Dungeon (15/15)            Temple (0/1) D:5            Lair (6/6) D:8
  Swamp (4/4) Lair:3       Spider (0/4) Lair:3        Slime (0/5) Lair:5
    Orc (2/2) D:10            Elf (0/3) Orc:2        Vaults (0/5) D:13
 Depths (0/5) D:15

Altars:
Ashenzari
Cheibriados
Dithmenos
Fedhas
Gozag
Kikubaaqudgha
Makhleb
Okawaru
Trog
Xom
The Shining One
Jiyva

Shops:
D:4 %*   D:8 [   Orc:1 :   Orc:2 !}([

Portals:
Trove: D:10 (show abyssal rune of Zot)

Annotations:
D:4 exclusion: oklob plant


Innate Abilities, Weirdness & Mutations

You can walk on water.
You are partially covered in slimy green scales. (AC +2)


Message History

You slash the seven-headed hydra simulacrum!
The seven-headed hydra simulacrum is heavily damaged.
The seven-headed hydra simulacrum bites you!
The seven-headed hydra simulacrum freezes you!
You resist.
* * * LOW HITPOINT WARNING * * *
The seven-headed hydra simulacrum bites you.
* * * LOW HITPOINT WARNING * * *
The seven-headed hydra simulacrum freezes you!
You resist.
* * * LOW HITPOINT WARNING * * *
The seven-headed hydra simulacrum bites you!
* * * LOW HITPOINT WARNING * * *
The seven-headed hydra simulacrum freezes you!
You resist.
* * * LOW HITPOINT WARNING * * *
The seven-headed hydra simulacrum closely misses you.
The seven-headed hydra simulacrum bites you but does no damage. x2
The seven-headed hydra simulacrum bites you.
You die... ≈≈DD. ♣♣♣♣♣♣ DZZ

♣♣≈≈≈≈♣♣♣ #Z ♣♣♣♣
♣≈≈≈≈≈≈≈♣♣ #o
♣♣♣≈.♣♣♣♣♣≈≈.≈≈≈≈≈♣♣ ##
♣≈.≈≈.♣..≈.[♣).≈≈≈≈♣♣ #
≈≈≈≈≈.≈♣≈.(.♣♣..≈≈≈≈♣
.§≈≈........♣♣♣..≈≈♣♣
≈♣≈≈..@..♣♣♣♣.≈≈♣♣ #
♣.≈≈≈Z≈.♣ ♣.♣♣♣♣ ♣♣♣##
♣♣♣...§≈≈†♣ ♣.♣♣
♣♣≈≈♣#. ♣ ♣≈≈≈§.≈≈≈.♣
♣♣[♣♣♣≈≈≈♣##
♣♣♣♣♣♣♣♣♣♣...♣.≈≈≈≈.♣
♣♣.♣≈≈≈♣ ##
≈...o.≈♣≈.♣♣♣≈.≈≈...♣
♣♣..≈≈♣♣#.
.≈≈≈≈.≈≈...≈.....≈≈≈.♣
♣♣..≈≈♣##
.≈≈≈≈.≈≈.≈.....≈≈≈≈≈≈.♣
♣♣D.♣♣ #
≈≈≈≈≈.≈≈.§≈≈...≈≈≈≈≈≈≈≈
♣♣≈≈.≈# #


You could see a seven-headed hydra simulacrum.

Vanquished Creatures
  Jorgrun (Swamp:3)
  Louise (Swamp:3)
  A very ugly thing (Swamp:2)
  The ghost of omegacute the Severer, a journeyman MiBe of Trog (IceCv)
  The ghost of Aumanor the Eclecticist, a journeyman DEWz of Vehumet (D:15)
  An ice dragon (Swamp:4)
  Fannar (Lair:3)
  4 hydras
  A ghost crab (Swamp:4)
  The ghost of Idleism the Slicer, a journeyman HaFi of Okawaru (D:11)
  2 centaur warriors
  2 catoblepae (Lair:6)
  A dancing weapon (D:13)
  9 death yaks (Lair:6)
  5 alligators
  A tengu warrior (D:15)
  A deep troll earth mage (D:13)
  Sonja (D:13)
  A deep elf knight (D:13)
  A spriggan druid (Swamp:4)
  2 swamp dragons
  A flayed ghost (D:12)
  2 unseen horrors
  2 shambling mangroves (Swamp:2)
  2 hill giants
  An orc knight (Orc:2)
  A necromancer (IceCv)
  A wolf spider (Lair:3)
  A manticore (D:11)
  A deep elf mage (D:13)
  An oklob plant (Lair:6)
  14 ugly things
  3 cyclopes
  5 elephants
  Maurice (D:8)
  2 black mambas
  3 torpor snails
  2 centaur zombies
  11 spiny frogs
  8 freezing wraiths
  3 kobold demonologists
  2 centaur skeletons
  7 komodo dragons
  A yaktaur (D:15)
  3 trolls
  2 jumping spiders (Lair:3)
  3 tyrant leeches
  3 polar bears
  Prince Ribbit (D:5)
  A hornet (D:15)
  Grinder (D:3)
  2 two-headed ogres
  4 blink frogs
  2 bog bodies
  11 slime creatures
  A meliai zombie (D:11)
  6 dream sheep
  8 hippogriffs
  2 spriggans (Swamp:4)
  31 yaks
  A wyvern (D:10)
  3 hogs (D:7)
  3 basilisks
  2 shadows
  2 wraiths (D:13)
  The ghost of Philosophy the Shield-Bearer, an amateur FoFi (D:3)
  A steam dragon (D:13)
  19 vampire mosquitoes
  2 hungry ghosts
  3 swamp worm simulacra (Swamp:4)
  17 swamp worms
  6 hydra simulacra (Swamp:4)
  8 insubstantial wisps
  A soldier ant (D:12)
  12 water moccasins
  5 porcupines
  8 ice beasts
  5 swamp drakes
  A black bear (Lair:1)
  2 hornet zombies
  5 sky beasts
  An orc warrior (D:10)
  13 ogres
  An alligator simulacrum (IceCv)
  6 wolves
  2 phantoms
  19 centaurs
  6 crocodiles
  A big kobold (D:14)
  A gnoll sergeant (D:8)
  17 bullfrogs
  4 water moccasin zombies (Ossuary)
  A wyvern skeleton (D:10)
  4 scorpions
  3 wights (D:11)
  6 killer bees
  A vampire bat (Lair:1)
  13 electric eels
  3 howler monkeys
  5 crimson imps
  2 draconian simulacra (IceCv)
  A bullfrog zombie (D:8)
  3 quasits
  6 hounds
  Crazy Yiuf (D:7)
  A gnoll shaman (D:5)
  3 orc priests
  3 jellies
  10 orc wizards
  7 iguanas
  2 bullfrog skeletons
  14 worker ants
  3 spriggan simulacra (IceCv)
  5 troll simulacra (IceCv)
  A killer bee zombie (D:3)
  2 polar bear simulacra (IceCv)
  A wolf simulacrum (IceCv)
  A big kobold zombie (Ossuary)
  3 centaur simulacra (IceCv)
  2 hound skeletons
  A howler monkey zombie (D:7)
  2 mummies (Ossuary)
  Robin (D:3)
  13 gnolls
  2 worker ant zombies
  12 adders
  A naga simulacrum (IceCv)
  2 ogre simulacra (IceCv)
  3 shadow imps
  10 white imps (IceCv)
  3 swamp drake simulacra (Swamp:4)
  2 adder zombies (Ossuary)
  3 adder skeletons
  2 dart slugs
  12 worms
  2 leopard geckos
  22 orcs
  A ball python (D:2)
  9 giant cockroaches
  A gnoll zombie (Ossuary)
  15 goblins
  9 hobgoblins
  15 jackals
  18 kobolds
  3 quokkas
  11 bats
  7 frilled lizards
  5 hobgoblin zombies (Ossuary)
  A kobold zombie (Ossuary)
  A leopard gecko zombie (D:8)
  7 orc zombies (Ossuary)
  A quokka skeleton (D:9)
  A quokka zombie (D:6)
  7 rats
  A fungus (Lair:4)
  7 plants
693 creatures vanquished.

Vanquished Creatures (collateral kills)
  Nikola (Swamp:3)
  Rupert (Lair:4)
  An orc warlord (Swamp:4)
  A sphinx (D:12)
  Kirke (D:15)
  3 thorn hunters
  A tengu reaver (D:12)
  An ettin (D:13)
  2 yaktaur captains
  Josephine (D:13)
  Snorg (D:10)
  An orc high priest (Swamp:3)
  3 hydras
  2 centaur warriors
  A catoblepas (Lair:6)
  A dancing weapon (D:13)
  12 death yaks (Lair:6)
  An ogre mage (D:13)
  5 alligators
  The ghost of TheWoodenMan the Grappler, a novice TrBe of Trog (D:8)
  2 swamp dragons
  3 hill giants
  7 orc knights
  A deep elf mage (D:15)
  4 ugly things
  3 centaur zombies
  2 manticores
  A black mamba (Lair:6)
  6 elephants
  An ice statue (IceCv)
  A gargoyle (D:12)
  13 spiny frogs
  Psyche (D:8)
  A torpor snail (Lair:6)
  A centaur skeleton (D:15)
  2 rime drakes (Orc:2)
  A kobold demonologist (D:14)
  6 freezing wraiths (IceCv)
  5 komodo dragons (Lair:6)
  A yaktaur (D:15)
  A troll (D:12)
  13 blink frogs
  A jumping spider (Lair:3)
  2 polar bears
  5 hornets
  2 tyrant leeches
  2 bog bodies
  2 hippogriffs (Lair:6)
  7 dream sheep
  11 slime creatures
  A shadow (Swamp:3)
  A wraith (D:13)
  2 spriggans
  A wyvern (Lair:4)
  21 yaks
  A hog (D:7)
  A steam dragon (Lair:3)
  A human (D:7)
  28 vampire mosquitoes
  Grum (D:8)
  2 hungry ghosts
  A warg (Orc:2)
  7 swamp worms
  13 insubstantial wisps
  A swamp worm simulacrum (Swamp:4)
  6 water moccasins
  7 hydra simulacra (Swamp:4)
  5 swamp drakes
  14 orc warriors
  An ice beast (D:7)
  2 ogres
  9 centaurs
  13 wolves
  8 crocodiles
  2 big kobolds
  8 bullfrogs
  2 killer bees (D:13)
  A vampire bat (Lair:1)
  2 howler monkeys (D:14)
  An electric eel (D:12)
  3 crimson imps
  2 draconian simulacra (IceCv)
  3 orc wizards
  A jelly (D:11)
  An orc priest (D:8)
  A bullfrog skeleton (D:7)
  An iguana (D:13)
  A spriggan simulacrum (IceCv)
  5 worker ants
  A troll simulacrum (IceCv)
  3 adders
  A shadow imp (D:10)
  2 white imps (IceCv)
  A swamp drake simulacrum (Swamp:4)
  2 worms (Lair:4)
  2 leopard geckos
  11 orcs
  2 bats (Lair:1)
  2 kobolds
  3 briar patches (Swamp:2)
  A butterfly (Lair:5)
  10 fungi
  25 plants
396 creatures vanquished.

Vanquished Creatures (others)
  9 orc knights
  A centaur warrior (D:13)
  A spiny frog (Swamp:4)
  5 orc wizards
  A tyrant leech (Swamp:4)
  4 humans (D:15)
  A hog (Swamp:1)
  A water moccasin (Lair:5)
  16 orc warriors
  38 orcs
  9 orc priests
  2 fungi (Lair:5)
  2 plants (Lair:6)
90 creatures vanquished.

Grand Total: 1179 creatures vanquished

Notes
Turn   | Place    | Note
-------+----------+-------------------------------------------
     0 | D:1      | XO4YCPATb the Hill Orc Monk began the quest for the Orb.
     0 | D:1      | Reached XP level 1. HP: 19/19 MP: 1/1
   160 | D:1      | Reached XP level 2. HP: 21/26 MP: 2/2
   374 | D:1      | Reached skill level 5 in Axes
   792 | D:2      | Reached XP level 3. HP: 28/31 MP: 3/3
   981 | D:2      | Found a shattered altar of Ashenzari.
  1158 | D:2      | Reached XP level 4. HP: 6/39 MP: 0/4
  1908 | D:3      | Noticed Philosophy's ghost (amateur FoFi)
  2205 | D:3      | HP: 1/58 [Philosophy's ghost (6)]
  2207 | D:3      | Killed Philosophy's ghost
  2207 | D:3      | Reached XP level 5. HP: 2/45 MP: 0/5
  2207 | D:3      | Reached XP level 6. HP: 2/51 MP: 0/6
  2573 | D:3      | Noticed Robin
  2603 | D:3      | Killed Robin
  3270 | D:3      | Noticed Grinder
  3280 | D:3      | Killed Grinder
  3280 | D:3      | Reached XP level 7. HP: 57/57 MP: 5/7
  3525 | D:3      | Found an opulent altar of Gozag.
  4075 | D:4      | Reached skill level 10 in Axes
  4168 | D:4      | Found a shattered altar of Ashenzari.
  4386 | D:4      | Reached XP level 8. HP: 64/64 MP: 8/8
  4410 | D:4      | Found a snail-covered altar of Cheibriados.
  4540 | D:4      | Found Giceugh's General Store.
  4549 | D:4      | Bought a scroll of magic mapping for 49 gold pieces
  4549 | D:4      | Bought a scroll of fear for 49 gold pieces
  4568 | D:4      | Found a burning altar of Makhleb.
  4737 | D:4      | Found a blossoming altar of Fedhas.
  4754 | D:4      | Noticed an oklob plant
  4816 | D:4      | Found Necwued's Food Emporium.
  5104 | D:5      | Entered Level 5 of the Dungeon
  5104 | D:5      | Noticed Prince Ribbit
  5420 | D:5      | Found a staircase to the Ecumenical Temple.
  5701 | D:5      | Became a worshipper of Beogh the Brigand
  5701 | D:5      | Reached * piety under Beogh
  5701 | D:5      | Reached ** piety under Beogh
  5757 | D:5      | Reached skill level 1 in Invocations
  5852 | D:5      | HP: 1/100 [Prince Ribbit (6)]
  5860 | D:5      | Killed Prince Ribbit
  5860 | D:5      | Reached skill level 5 in Armour
  5860 | D:5      | Reached skill level 2 in Invocations
  6009 | D:5      | Reached skill level 5 in Fighting
  6009 | D:5      | Reached skill level 3 in Invocations
  6323 | D:5      | Reached skill level 4 in Invocations
  6323 | D:5      | Reached XP level 9. HP: 74/74 MP: 10/12
  6666 | D:6      | Found an iron altar of Okawaru.
  6671 | D:6      | Found a glowing golden altar of the Shining One.
  6672 | D:6      | Found a shimmering altar of Xom.
  6727 | D:6      | Reached skill level 5 in Invocations
  7126 | D:6      | Reached skill level 6 in Invocations
  7141 | D:6      | Reached *** piety under Beogh
  7957 | D:7      | Noticed a green ugly thing
  7969 | D:7      | Killed a green ugly thing
  7969 | D:7      | Reached skill level 7 in Invocations
  8237 | D:7      | Found a runed door.
  8241 | D:7      | Noticed Crazy Yiuf
  8244 | D:7      | Killed Crazy Yiuf
  8463 | D:7      | Reached XP level 10. HP: 84/84 MP: 15/15
  8472 | D:7      | Reached skill level 8 in Invocations
  8735 | D:7      | Reached skill level 9 in Invocations
  8985 | D:8      | Noticed Grum
  8985 | D:8      | Found Qaymesk's Antique Armour Shoppe.
  9009 | D:8      | Killed Grum
  9044 | D:8      | Found a sand-covered staircase.
  9052 | D:8      | Reached **** piety under Beogh
  9059 | D:8      | Found a staircase to the Lair.
  9158 | Ossuary  | Entered an ossuary
  9344 | Ossuary  | Reached skill level 10 in Invocations
  9514 | D:8      | Noticed TheWoodenMan's ghost (novice TrBe)
  9517 | D:8      | Noticed Psyche
  9527 | D:8      | Killed Psyche
  9532 | D:8      | Killed TheWoodenMan's ghost
  9597 | D:8      | Reached XP level 11. HP: 77/94 MP: 18/18
  9791 | D:8      | Noticed Maurice
  9799 | D:8      | Killed Maurice
  9985 | D:8      | Reached skill level 11 in Invocations
 11302 | D:10     | Entered Level 10 of the Dungeon
 11331 | D:10     | Noticed a hill giant
 11340 | D:10     | Killed a hill giant
 11658 | D:10     | Found a portal to a secret trove of treasure.
 11688 | D:10     | Noticed Snorg
 11698 | D:10     | Killed Snorg
 12045 | D:10     | Found a staircase to the Orcish Mines.
 12138 | D:10     | Found a bloodstained altar of Trog.
 12169 | D:10     | Killed an unseen horror
 12169 | D:10     | Reached skill level 12 in Invocations
 12283 | D:10     | Found a bloodstained altar of Trog.
 12735 | D:11     | Noticed a manticore
 12740 | D:11     | Reached ***** piety under Beogh
 12755 | D:11     | Killed a manticore
 12981 | D:11     | Noticed Idleism's ghost (journeyman HaFi)
 12997 | D:11     | Killed Idleism's ghost
 12997 | D:11     | Reached XP level 12. HP: 38/106 MP: 7/21
 13272 | D:11     | Reached skill level 13 in Invocations
 13276 | D:11     | Gained Alork as an ally
 13294 | D:11     | Reached skill level 10 in Fighting
 13619 | D:11     | Gained Herok as an ally
 14214 | D:12     | Found an ancient bone altar of Kikubaaqudgha.
 14232 | D:12     | Noticed a centaur warrior
 14241 | D:12     | Killed a centaur warrior
 14241 | D:12     | Reached skill level 10 in Armour
 14625 | D:12     | Noticed a sphinx
 14628 | D:12     | Reached skill level 14 in Invocations
 14635 | D:12     | Paralysed by a sphinx for 6 turns
 14636 | D:12     | Killed a sphinx
 14637 | D:12     | Noticed a yaktaur captain
 14648 | D:12     | Noticed a tengu reaver
 14653 | D:12     | Killed a yaktaur captain
 14659 | D:12     | Killed a tengu reaver
 15078 | D:12     | Reached skill level 15 in Axes
 15086 | D:12     | Gained Herok as an ally
 15229 | D:12     | Reached XP level 13. HP: 115/116 MP: 22/24
 15345 | D:12     | Reached skill level 15 in Invocations
 15632 | D:13     | Noticed Josephine
 15643 | D:13     | Killed Josephine
 15651 | D:13     | Your ally Herok died
 15879 | D:13     | Gained Warrok as an ally
 16386 | D:13     | Noticed Sonja
 16390 | D:13     | Killed Sonja
 16519 | D:13     | Found a gate to the Vaults.
 17029 | D:13     | Reached skill level 16 in Invocations
 17183 | D:13     | Noticed an ettin
 17191 | D:13     | Killed an ettin
 17237 | D:13     | Got a polished great sword
 17238 | D:13     | Identified the +7 great sword of Fragile Peace {venom, rF- Dex+5} (You found it on level 13 of the Dungeon)
 17570 | D:14     | Gained Learuk as an ally
 18503 | Lair:1   | Entered Level 1 of the Lair of Beasts
 18509 | Lair:1   | Gained Alork as an ally
 18513 | Lair:1   | Reached XP level 14. HP: 80/126 MP: 16/26
 18922 | Lair:1   | You fall through a shaft!
 19303 | Lair:1   | Gained Arkwar as an ally
 19527 | Lair:1   | Gained Oruk as an ally
 19692 | Lair:2   | Reached skill level 17 in Invocations
 20166 | Lair:2   | Reached ****** piety under Beogh
 20853 | Lair:3   | Found a staircase to the Swamp.
 20907 | Lair:3   | Noticed Fannar
 20915 | Lair:3   | Killed Fannar
 21181 | Lair:3   | Found a hole to the Spider Nest.
 21773 | Lair:4   | Noticed Rupert
 21782 | Lair:4   | Killed Rupert
 22125 | Lair:4   | Gained Gorg as an ally
 23353 | Lair:5   | Found a viscous altar of Jiyva.
 23353 | Lair:5   | Found a staircase to the Slime Pits.
 23837 | Lair:6   | Entered Level 6 of the Lair of Beasts
 23967 | Lair:6   | Reached XP level 15. HP: 93/135 MP: 18/27
 24423 | Lair:6   | Reached skill level 18 in Invocations
 24428 | Lair:6   | Reached skill level 1 in Polearms
 25210 | Lair:3   | Reached skill level 5 in Polearms
 25378 | Orc:1    | Entered Level 1 of the Orcish Mines
 25406 | Orc:1    | Found Jagro's Book Boutique.
 25461 | Orc:2    | Entered Level 2 of the Orcish Mines
 25461 | Orc:2    | Found a staircase to the Elven Halls.
 25465 | Orc:2    | Gained Learuk as an ally
 25487 | Orc:2    | Found Feqirel's Weapon Boutique.
 25487 | Orc:2    | Found Ascho's Gadget Shoppe.
 25488 | Orc:2    | Gained Dorog as an ally
 25494 | Orc:2    | Found Yvekhaoch's Antique Armour Shop.
 25494 | Orc:2    | Your ally Oruk died
 25497 | Orc:2    | Found Qujukh's Distillery.
 25514 | Orc:2    | Gained Arbeogh as an ally
 25567 | Orc:2    | Found a frozen archway.
 25594 | IceCv    | Entered an ice cave
 25705 | IceCv    | Gained Hilgar as an ally
 25705 | IceCv    | Gained Dorog as an ally
 26073 | IceCv    | Found an ancient bone altar of Kikubaaqudgha.
 26073 | IceCv    | Noticed omegacute's ghost (journeyman MiBe)
 26080 | IceCv    | Gained Dorog as an ally
 26083 | IceCv    | Your ally Dorog died
 26084 | IceCv    | Your ally Hilgar died
 26105 | IceCv    | Killed omegacute's ghost
 26308 | IceCv    | Your ally Dorog died
 26697 | Orc:2    | Bought a potion of heal wounds for 85 gold pieces
 26697 | Orc:2    | Bought 2 potions of curing for 102 gold pieces
 26697 | Orc:2    | Bought a potion of heal wounds for 85 gold pieces
 26697 | Orc:2    | Bought a potion of resistance for 170 gold pieces
 26697 | Orc:2    | Bought a potion of curing for 51 gold pieces
 26697 | Orc:2    | Bought a potion of ambrosia for 136 gold pieces
 26697 | Orc:2    | Bought a potion of curing for 51 gold pieces
 26697 | Orc:2    | Bought a potion of lignification for 51 gold pieces
 26697 | Orc:2    | Bought a potion of might for 68 gold pieces
 26697 | Orc:2    | Bought a potion of curing for 51 gold pieces
 27589 | D:15     | Entered Level 15 of the Dungeon
 27593 | D:15     | Noticed Aumanor's ghost (journeyman DEWz)
 27601 | D:15     | Killed Aumanor's ghost
 27671 | D:15     | Found a shadowy altar of Dithmenos.
 27703 | D:15     | Killed Kirke
 27801 | D:15     | Your ally Dorog died
 28035 | D:15     | Reached skill level 10 in Polearms
 28036 | D:15     | Reached XP level 16. HP: 114/144 MP: 29/29
 28232 | D:15     | Found a staircase to the Depths.
 28620 | Swamp:1  | Entered Level 1 of the Swamp
 29051 | Swamp:1  | Your ally Arbeogh died
 29609 | Swamp:2  | Gained Ortolf as an ally
 29781 | Swamp:2  | Noticed a thorn hunter
 29789 | Swamp:2  | Killed a thorn hunter
 30006 | Swamp:2  | Noticed a thorn hunter
 30011 | Swamp:2  | Killed a thorn hunter
 30023 | Swamp:2  | Gained Koronagh as an ally
 30455 | Swamp:3  | Noticed Louise
 30459 | Swamp:3  | Your ally Learuk died
 30462 | Swamp:3  | Your ally Herok died
 30462 | Swamp:3  | Your ally Warrok died
 30464 | Swamp:3  | Your ally Koronagh died
 30469 | Swamp:3  | Killed Louise
 30788 | Swamp:3  | Gained mutation: You are partially covered in slimy green scales. (AC +2) [potion of beneficial mutation]
 30887 | Swamp:3  | Noticed a thorn hunter
 30893 | Swamp:3  | Killed a thorn hunter
 31144 | Swamp:3  | Noticed Nikola
 31197 | Swamp:3  | Your ally Arkwar died
 31225 | Swamp:3  | Noticed Jorgrun
 31232 | Swamp:3  | Killed Jorgrun
 31348 | Swamp:3  | Killed Nikola
 31592 | Swamp:3  | Gained Wulfoc as an ally
 31643 | Swamp:4  | Entered Level 4 of the Swamp
 31655 | Swamp:4  | Your ally Ortolf died
 32096 | Swamp:4  | Your ally Alork died
 32099 | Swamp:4  | Your ally Wulfoc died
 32171 | Swamp:4  | Reached skill level 15 in Polearms
 32254 | Swamp:4  | Reached XP level 17. HP: 134/150 MP: 30/30
 32345 | Swamp:4  | Your ally Learuk died
 32350 | Swamp:4  | Your ally Gorg died
 32355 | Swamp:4  | Your ally Alork died
 32443 | Swamp:4  | HP: 3/150 [seven-headed hydra simulacrum (7)]
 32443 | Swamp:4  | Slain by a seven-headed hydra simulacrum

Skill      XL: |  1  2  3  4  5  6  7  8  9 10 11 12 13 14 15 16 |
---------------+-------------------------------------------------+-----
Axes           | 5 6 8 9 11 12 13 14 15 16 17 | 17.8
Armour         | 2 3 5 6 7 9 10 11 12 13 | 13.1
Fighting       | 5 6 8 9 11 12 13 | 13.4
Dodging        | 3 4 |  4.4
Invocations    | 4 7 10 12 14 16 17 18 | 18.0
Polearms       | 10 15 | 15.4
Stealth        | |  1.5

Action                   |  1- 3 |  4- 6 |  7- 9 | 10-12 | 13-15 | 16-18 || total
-------------------------+-------+-------+-------+-------+-------+-------++-------
Melee: Hand axe          |    98 |   195 |       |       |       |       ||   293
       War axe           |       |    12 |   201 |   457 |    39 |       ||   709
       Broad axe         |       |       |   191 |       |       |       ||   191
       Battleaxe         |       |       |       |       |   452 |       ||   452
       Scythe            |       |       |       |       |   278 |   317 ||   595
Invok: Convert to Beogh  |       |       |     1 |       |       |       ||     1
       Recall Orcish Fol |       |       |       |     2 |    21 |    14 ||    37
       Smiting           |       |       |       |     6 |     4 |     6 ||    16
       Give Item to Name |       |       |       |       |     1 |       ||     1
       Resurrection      |       |       |       |       |     1 |     2 ||     3
Evoke: Wand              |       |       |       |     3 |     1 |     2 ||     6
  Use: Scroll            |     3 |       |    10 |     9 |    17 |     3 ||    42
       Potion            |     2 |     3 |     5 |     1 |     1 |     5 ||    17
 Stab: Sleeping          |     3 |     3 |       |       |       |       ||     6
       Distracted        |       |       |     1 |     3 |     8 |     5 ||    17
  Eat: Chunk             |     1 |     3 |    15 |    25 |    35 |    11 ||    90
       Bread ration      |       |     1 |       |       |       |       ||     1
       Beef jerky        |       |       |       |     1 |     3 |       ||     4
       Pizza             |       |       |       |       |     2 |       ||     2
       Royal jelly       |       |       |       |       |       |     1 ||     1
       Fruit             |       |       |       |       |       |     1 ||     1
Armor: Robe              |    23 |     4 |       |       |       |       ||    27
       Plate armour      |       |   115 |   231 |   264 |   487 |   216 ||  1313
       Skin              |       |       |     3 |       |       |       ||     3
       Fire dragon scale |       |       |       |     8 |    57 |       ||    65
Dodge: Dodged            |    71 |    53 |   115 |   151 |   332 |   149 ||   871
